Map: Daybreak LE (Void)

Players

LiquidTLO (TLO) - Winner!

  • Race: Zerg Zerg
  • Spawn Location: 1:00

SpeCial

  • Race: Terran Terran
  • League: Grandmaster
  • Spawn Location: 7:00

Event: NationWars IV

VOD

https://www.youtube.com/watch?v=cpH21Ml3rf8&t=25s

Description

Time

  • Played on: Jan. 7, 2017, 5:07 p.m.
  • Length: 15:39
Show
View Real Time Build Order
Export as new Build Order

LiquidTLO Zerg - Winner!

Build Orders: Hatch First, Muta Ling Bane 

Get SALT Encoding   

  12  0:01  Drone  
  13  0:13  Overlord  
  13  0:17  Drone  
  14  0:31  Drone x2  
  16  0:49  Hatchery  
  15  0:52  Drone  
  15  0:56  Drone  
  17  1:10  Spawning Pool  
  16  1:13  Drone  
  16  1:17  Drone  
  18  1:19  Extractor  
  18  1:23  Drone  
  18  1:30  Drone  
  19  1:40  Overlord  
  19  1:50  Drone  
  20  1:57  Queen  
  20  2:00  Zergling x2  
  23  2:03  Zergling x2, Queen  
  26  2:11  Drone  
  27  2:26  Hatchery  
  27  2:29  Drone  
  27  2:33  Drone  
  28  2:40  Queen  
  30  2:45  Overlord  
  30  2:49  Drone  
  31  2:53  Metabolic Boost  
  31  2:58  Drone  
  31  3:01  Drone x2  
  34  3:07  Drone  
  34  3:09  Drone  
  34  3:10  Drone  
  37  3:13  Drone  
  37  3:14  Drone  
  37  3:18  Drone  
  40  3:21  Overlord  
  40  3:25  Drone  
  40  3:26  Zergling x2  
  42  3:33  Overlord  
  42  3:34  Drone  
  42  3:39  Drone  
  44  3:42  Evolution Chamber  
  44  3:43  Drone  
  44  3:44  Drone  
  44  3:46  Zergling x2  
  44  3:47  Zergling x2, Drone  
  48  3:49  Drone  
  48  3:53  Zergling x2  
  48  3:55  Zergling x2  
  51  3:56  Drone  
  51  3:57  Drone  
  51  3:59  Zergling x2  
  51  4:02  Drone  
  55  4:06  Zergling x2  
  55  4:07  Baneling Nest  
  55  4:10  Zerg Ground Armor Level 1  
  55  4:14  Drone  
  55  4:15  Drone  
  57  4:17  Drone  
  57  4:28  Overlord  
  57  4:30  Zergling x2  
  57  4:31  Overlord  
  58  4:33  Overlord  
  58  4:34  Overlord  
  58  4:37  Overlord, Spine Crawler  
  57  4:38  Extractor, Evolution Chamber  
  57  4:39  Drone  
  57  4:42  Zergling x2  
  57  4:44  Zergling x2  
  57  4:45  Overlord  
  57  4:46  Drone  
  57  4:47  Drone  
  57  4:48  Drone  
  57  4:51  Drone  
  59  4:54  Drone  
  59  4:56  Drone x3  
  59  4:57  Drone  
  63  5:00  Zergling x2  
  63  5:01  Zergling x2  
  63  5:04  Zerg Melee Weapons Level 1  
  63  5:05  Drone  
  66  5:08  Zergling x4  
  68  5:16  Drone  
  68  5:18  Drone  
  68  5:19  Drone  
  68  5:21  Drone x3  
  71  5:27  Extractor  
  71  5:29  Drone  
  71  5:30  Drone x2  
  71  5:33  Drone x2  
  71  5:34  Drone  
  77  5:36  Drone  
  77  5:37  Extractor  
  77  5:38  Drone  
  77  5:39  Drone, Hatchery  
  78  5:44  Lair  
  78  5:45  Zergling x2, Drone  
  78  5:48  Zergling x2  
  78  5:49  Drone, Baneling x2  
  82  5:50  Drone, Baneling  
  82  5:55  Drone  
  82  5:56  Drone, Queen  
  85  5:59  Extractor, Zergling x4  
  85  6:02  Zergling x4  
  85  6:03  Zergling x2  
  91  6:05  Zergling x2  
  91  6:07  Zergling x2  
  91  6:09  Zergling x2  
  89  6:13  Drone  
  89  6:15  Drone x2  
  89  6:16  Zergling x4  
  89  6:17  Extractor  
  93  6:21  Zergling x2  
  93  6:24  Zergling x4  
  96  6:30  Drone  
  96  6:31  Baneling x3  
  96  6:32  Zergling x2, Baneling  
  98  6:34  Burrow  
  98  6:39  Drone x4  
  102  6:40  Overlord  
  102  6:41  Zerg Ground Armor Level 2  
  102  6:42  Centrifical Hooks  
  102  6:44  Zergling x2  
  103  6:49  Spore Crawler  
  103  6:50  Zergling x2  
  103  6:51  Spore Crawler  
  103  6:52  Zergling x2  
  103  6:53  Zergling x2  
  104  6:54  Zergling x2  
  104  6:55  Zergling x2  
  104  6:58  Zergling x2  
  104  7:00  Zergling x2  
  103  7:01  Zergling x2  
  103  7:05  Baneling x2  
  103  7:06  Zergling x2  
  105  7:10  Zergling x2  
  105  7:11  Zergling x2  
  105  7:13  Zergling x2  
  105  7:14  Zergling x2  
  107  7:17  Zergling x4  
  107  7:18  Zerg Melee Weapons Level 2  
  107  7:19  Zergling x4, Spire  
  107  7:21  Zergling x6  
  113  7:23  Zergling x2  
  113  7:25  Zergling x2  
  113  7:27  Zergling x2  
  113  7:28  Zergling x4  
  113  7:29  Zergling x2  
  116  7:30  Zergling x4  
  116  7:33  Zergling x2  
  116  7:35  Zergling x2  
  116  7:36  Zergling x2  
  119  7:40  Zergling x2  
  114  7:46  Drone x2  
  114  7:47  Drone  
  114  7:50  Drone  
  114  7:51  Drone  
  118  7:53  Zergling x2  
  118  7:57  Drone  
  119  8:00  Extractor, Overlord x2  
  119  8:01  Overlord  
  119  8:03  Baneling x9  
  119  8:04  Zergling x2, Baneling x2  
  119  8:05  Zergling x2  
  119  8:06  Overlord  
  119  8:10  Hatchery  
  118  8:13  Zergling x2  
  118  8:15  Spore Crawler x2  
  118  8:16  Zergling x2  
  118  8:17  Zergling x2, Baneling x2  
  119  8:20  Zergling x4  
  119  8:23  Zergling x4  
  119  8:25  Zergling x2, Drone x2  
  120  8:27  Zergling x2, Baneling x3  
  120  8:28  Zergling x2  
  120  8:29  Baneling x4  
  120  8:30  Baneling x3  
  117  8:34  Mutalisk, Zerg Flyer Weapons Level 1  
  117  8:35  Mutalisk, Infestation Pit  
  117  8:38  Mutalisk  
  117  8:41  Mutalisk  
  120  8:43  Mutalisk x2  
  120  8:45  Baneling x2  
  120  8:48  Mutalisk  
  122  8:49  Mutalisk  
  122  8:50  Baneling  
  122  8:52  Baneling  
  122  8:55  Zergling x2  
  127  8:56  Zergling x2  
  127  8:57  Mutalisk  
  130  9:03  Mutalisk  
  130  9:09  Zergling x2  
  130  9:10  Zergling x4, Overseer  
  130  9:12  Zergling x2  
  130  9:14  Zergling x22  
  143  9:20  Zergling x2  
  144  9:25  Drone x2  
  144  9:27  Hive  
  144  9:28  Zergling x2  
  145  9:33  Zergling x2  
  145  9:34  Zergling x2  
  145  9:35  Zergling x2  
  145  9:36  Zergling x2  
  145  9:37  Zergling x4  
  148  9:39  Zergling x2  
  148  9:40  Zergling x2  
  148  9:41  Zergling x2  
  148  9:42  Zergling x4  
  148  9:43  Zergling x4  
  148  9:44  Zergling x2  
  148  9:45  Zergling x2  
  150  9:46  Zergling x8  
  150  9:47  Zergling x2  
  150  9:52  Zergling x2  
  145  9:55  Zergling x2  
  145  9:56  Mutalisk  
  145  9:57  Zergling x2  
  145  9:58  Zergling x2  
  149  10:00  Zergling x2  
  149  10:01  Zergling x2  
  149  10:02  Zergling x2  
  149  10:03  Baneling x2  
  149  10:04  Zergling x2  
  149  10:06  Mutalisk x2  
  153  10:08  Zergling x2  
  153  10:09  Zergling x2, Baneling x5  
  142  10:14  Zergling x2  
  142  10:16  Zergling x2, Mutalisk  
  142  10:17  Drone  
  142  10:19  Zergling x2  
  133  10:24  Mutalisk  
  133  10:27  Zergling x4  
  133  10:28  Zergling x2  
  132  10:29  Zergling x2, Queen  
  132  10:30  Zergling x4  
  132  10:31  Overseer x3  
  132  10:33  Baneling  
  132  10:34  Zergling x2, Baneling x8  
  132  10:35  Drone  
  139  10:39  Zergling x4  
  139  10:40  Zergling x2  
  139  10:41  Baneling  
  142  10:43  Baneling x7  
  142  10:46  Zergling x2  
  141  10:54  Zergling x2  
  141  10:56  Zerg Ground Armor Level 3  
  142  11:02  Zerg Melee Weapons Level 3  
  142  11:03  Zergling x4  
  143  11:08  Zergling x2  
  143  11:09  Zergling x4  
  143  11:10  Zergling x4  
  143  11:11  Baneling x5  
  141  11:12  Zergling x2  
  141  11:13  Zergling x2, Queen  
  141  11:14  Zergling x2  
  141  11:15  Zergling x2  
  141  11:16  Zergling x2  
  141  11:18  Zergling x4  
  149  11:19  Zergling x2  
  149  11:24  Ultralisk Cavern  
  148  11:25  Pneumatized Carapace  
  145  11:33  Adrenal Glands  
  144  11:42  Zergling x12  
  144  11:45  Zergling x2  
  149  11:51  Zergling x2  
  150  11:59  Zergling x2  
  150  12:01  Zergling x2  
  150  12:05  Mutalisk x2  
  150  12:06  Drone  
  150  12:08  Drone  
  149  12:10  Zergling x2  
  149  12:12  Chitinous Plating  
  148  12:17  Overlord x4  
  148  12:19  Zergling x2  
  148  12:20  Zergling x2  
  148  12:21  Zergling x2  
  140  12:23  Zergling x10  
  140  12:26  Zergling x2  
  140  12:28  Ultralisk  
  142  12:33  Ultralisk  
  146  12:43  Mutalisk  
  142  12:46  Drone x2  
  142  12:49  Drone  
  144  12:53  Ultralisk  
  144  12:55  Drone x2  
  152  13:03  Drone x4  
  156  13:07  Pathogen Glands  
  156  13:11  Ultralisk  
  155  13:25  Ultralisk, Zergling x4  
  155  13:26  Zergling x4  
  157  13:27  Zergling x2  
  157  13:28  Baneling x2  
  157  13:30  Overlord  
  157  13:32  Zergling x4, Overlord  
  159  13:35  Mutalisk  
  159  13:40  Overlord  
  161  13:41  Drone  
  161  13:42  Extractor, Overlord  
  161  13:43  Zergling x2  
  161  13:45  Spore Crawler  
  161  13:46  Zergling x2, Overseer  
  161  13:47  Zergling x2  
  161  13:48  Zergling x2  
  164  13:51  Zergling x4  
  164  13:52  Zergling x4  
  168  13:56  Zergling x2, Drone  
  170  14:03  Greater Spire  
  170  14:05  Extractor, Zergling x2  
  170  14:06  Ultralisk  
  176  14:19  Ultralisk  
  172  14:26  Mutalisk  
  168  14:35  Zergling x4  
  168  14:37  Zergling x4  
  169  14:39  Zergling x2  
  169  14:40  Zergling x4  
  169  14:41  Zergling x2  
  169  14:42  Ultralisk  
  177  14:48  Zergling x10  
  177  14:49  Zergling x10  
  177  14:50  Zergling x4  
  177  14:51  Zergling x2  
  177  14:52  Zergling x2  
  185  14:56  Zergling x2  
  185  14:57  Zergling x2  
  185  14:59  Zergling x2, Queen x2  
  183  15:00  Zergling x2  
  183  15:04  Zergling x2  
  182  15:07  Zergling x2  
  182  15:08  Zergling x2  
  182  15:10  Zergling x2  
  182  15:11  Zergling x2  
Show
View Real Time Build Order
Export as new Build Order

SpeCial Terran 

Build Orders: Hellion Opening, Reaper Expand, Bio Mine 

Get SALT Encoding   

  12  0:00  SCV  
  13  0:12  SCV  
  14  0:19  Supply Depot  
  14  0:25  SCV  
  15  0:29  Refinery  
  15  0:40  SCV  
  16  0:45  Barracks  
  16  0:52  SCV  
  17  1:04  SCV  
  18  1:17  SCV  
  19  1:33  Orbital Command, Reaper  
  20  1:44  Command Center  
  20  1:56  Factory  
  20  2:00  SCV  
  21  2:06  Barracks Reactor  
  21  2:13  SCV  
  22  2:16  Supply Depot  
  22  2:18  Refinery  
  22  2:25  SCV  
  23  2:38  SCV  
  23  2:43  Starport  
  24  2:47  Hellion x2  
  24  2:49  Marine  
  24  2:51  SCV  
  30  2:58  Orbital Command  
  30  3:03  SCV  
  31  3:12  Hellion  
  33  3:13  Hellion  
  33  3:17  SCV  
  36  3:21  Medivac  
  36  3:25  Barracks Tech Lab  
  36  3:26  SCV  
  39  3:34  Supply Depot  
  39  3:38  SCV x2  
  41  3:49  Hellion  
  41  3:50  Hellion  
  41  3:54  SCV  
  46  3:55  SCV  
  46  3:57  Supply Depot  
  46  3:59  Raven  
  46  4:02  Barracks Tech Lab  
  49  4:07  SCV x2  
  51  4:21  Command Center, SCV x2  
  53  4:24  Marine  
  54  4:31  Stimpack  
  54  4:33  SCV x2  
  54  4:37  Supply Depot  
  56  4:44  Marine  
  57  4:46  Barracks  
  57  4:47  Barracks  
  57  4:49  Factory Reactor  
  54  4:56  SCV  
  54  4:57  SCV  
  54  5:02  Marine  
  54  5:03  Supply Depot  
  54  5:06  Engineering Bay  
  55  5:08  Starport Reactor, SCV, Engineering Bay  
  55  5:09  SCV  
  57  5:20  Marine  
  57  5:21  SCV x2  
  60  5:31  Refinery  
  60  5:32  Refinery  
  60  5:33  Orbital Command, SCV x2  
  60  5:34  Factory Reactor  
  62  5:36  Marine x2  
  62  5:38  Barracks, Marine  
  62  5:40  Barracks  
  65  5:48  Terran Infantry Weapons Level 1  
  65  5:51  Terran Infantry Armor Level 1  
  65  5:52  Marine x2  
  65  5:53  Marine  
  65  5:54  SCV  
  65  5:55  SCV  
  70  6:00  Medivac x2  
  74  6:06  Orbital Command  
  74  6:11  Marine x3  
  74  6:14  SCV x2  
  79  6:19  Supply Depot  
  79  6:21  Marine x2  
  79  6:22  Widow Mine x2  
  85  6:26  SCV x2  
  85  6:27  Supply Depot  
  85  6:29  Marine  
  85  6:31  SCV  
  89  6:35  Barracks Reactor x2  
  89  6:38  Marine x2, SCV x2  
  93  6:40  Combat Shields, Marine  
  93  6:43  Bunker, SCV  
  95  6:47  Marine x2  
  95  6:50  SCV x2  
  95  6:52  Armory  
  99  6:56  Marine x2  
  99  6:58  Marine  
  102  7:02  Widow Mine x2  
  102  7:03  Medivac  
  102  7:05  Marine  
  109  7:08  Supply Depot  
  109  7:13  Marine x2, SCV x2  
  109  7:14  SCV  
  109  7:20  Supply Depot  
  109  7:26  Marine, SCV  
  109  7:29  Marine  
  64  7:30  Medivac, SCV  
  109  7:31  Marine x4  
  117  7:37  Marine x2  
  117  7:41  Marine  
  117  7:44  Marine  
  118  7:45  Terran Infantry Weapons Level 2  
  118  7:46  Terran Infantry Armor Level 2  
  118  7:47  Barracks, Marine  
  118  7:48  Barracks, Marine  
  118  7:49  Marine x2, Supply Depot  
  118  7:50  Barracks  
  115  7:51  Supply Depot  
  115  7:55  SCV x3  
  115  7:57  Marine x3  
  120  7:59  Marine  
  120  8:02  Marine  
  122  8:09  Marine x2  
  122  8:11  Marine  
  125  8:18  Marauder, Marine x2  
  129  8:23  Marine x2  
  129  8:24  Widow Mine x2  
  129  8:25  Marine  
  134  8:27  Marine  
  134  8:28  Marine  
  134  8:29  Marine  
  134  8:34  Supply Depot  
  127  8:35  Supply Depot  
  127  8:36  Marine x2  
  127  8:37  Medivac x2  
  127  8:40  Marauder, Marine  
  127  8:41  Marine  
  136  8:43  Marine  
  136  8:44  SCV  
  136  8:46  Barracks Tech Lab, Barracks Reactor  
  136  8:49  Liberator x2  
  136  8:51  Refinery  
  136  8:52  Refinery, Widow Mine x2  
  140  8:59  Marine x2  
  140  9:00  Marauder  
  144  9:07  Marine  
  144  9:08  Marauder, Marine x2  
  154  9:13  Marauder, Marine  
  154  9:16  Marine x2  
  159  9:19  Command Center  
  159  9:23  Marine x2  
  161  9:28  Marine x2  
  161  9:30  Hellion  
  159  9:33  Marine  
  159  9:34  Marauder, Marine x6  
  159  9:35  Marauder  
  164  9:39  Supply Depot  
  164  9:41  Marine x2  
  166  9:45  Marine  
  144  9:55  Marauder, Marine x4  
  144  9:56  Marine x5  
  144  9:59  Marine  
  147  10:02  Marine  
  147  10:03  Marine  
  145  10:12  Marine x2  
  145  10:13  Marine x2  
  143  10:15  Marauder x2  
  143  10:16  Marauder, Marine x2  
  143  10:18  Marine x2  
  143  10:20  Marine  
  131  10:21  Marine  
  132  10:30  Marine x3  
  132  10:31  Marine  
  132  10:34  Marine x2  
  138  10:35  Marine x2  
  138  10:36  Marine x2  
  138  10:37  Marine x2  
  138  10:38  Widow Mine x2  
  138  10:39  Marine  
  149  10:45  Concussive Shells  
  149  10:48  Marine x2  
  151  10:53  Marine x2  
  151  10:54  Marauder, Marine x2  
  151  10:56  Marine  
  158  10:57  Marine  
  158  11:02  Marine  
  158  11:03  Marauder, Marine  
  158  11:04  Marine  
  164  11:08  Marine x2  
  160  11:12  Terran Ship Weapons Level 1  
  160  11:13  Command Center, Marine  
  160  11:17  Marine  
  160  11:18  Factory  
  160  11:19  Marine x2  
  160  11:20  Widow Mine  
  160  11:23  Marine x2  
  160  11:24  Marine x2  
  165  11:29  Marine x3  
  165  11:32  Marine  
  169  11:36  Marine x3  
  169  11:43  Marine x2  
  169  11:44  Marine x2  
  171  11:48  Marine x2  
  171  11:51  Marine x2, Widow Mine x2  
  171  11:53  Marine  
  180  11:55  Marine  
  181  12:04  Engineering Bay x2  
  181  12:18  Marine, Factory Tech Lab  
  181  12:19  Marine x6  
  181  12:20  Marine  
  181  12:24  Widow Mine x2  
  181  12:29  Marine x4  
  174  12:36  Medivac x2  
  146  12:37  Marine x2  
  146  12:38  Planetary Fortress  
  146  12:39  Marine x2  
  138  12:44  Marine x2  
  138  12:46  Marine x3  
  138  12:47  Marine  
  144  12:52  Drilling Claws, Widow Mine x2  
  143  12:58  SCV x3  
  143  13:00  Marine x2  
  143  13:01  Marine x4  
  151  13:06  Sensor Tower  
  151  13:09  Marine x3  
  151  13:10  Marine, SCV  
  155  13:25  Medivac x2  
  153  13:29  Starport  
  153  13:31  Fusion Core  
  153  13:32  Marine x3  
  156  13:35  SCV x3  
  156  13:36  SCV  
  156  13:38  Widow Mine x2  
  156  13:39  Marine x2  
  164  13:45  Widow Mine  
  164  13:47  SCV  
  167  13:50  Marauder, Marine x2  
  167  13:52  Marine  
  176  13:59  Liberator  
  176  14:00  Marauder, Marine  
  177  14:03  Marauder  
  177  14:06  Starport Tech Lab, Liberator  
  179  14:12  Marauder, Widow Mine x2  
  185  14:17  Liberator  
  185  14:23  Widow Mine  
  171  14:25  Marine  
  171  14:26  Marauder  
  171  14:28  Marine  
  173  14:38  Marine x2  
  173  14:41  Widow Mine  
  167  14:50  Marauder x2  
  102  15:05  Marine x2  
  102  15:06  Marauder, Marine  
  104  15:09  Marine  
  104  15:10  Marine  
  104  15:11  Marauder  
Tags
 
Add a new tag
Caveats
  • Supply blocks, unpowered buildings, or Contaminate may cause inaccurate times.
  • Supply counts are checked every 10 seconds.